 Dungeon Sprint DCSS version 0.31-a0-806-g0bc164a743 (webtiles) character file.

Game seed: 5714032586474222076

60 sircluck the Ruffian (level 3, -1/40 HPs)
             Began as a Troll Berserker on Sept 21, 2023.
             Was a Priest of Trog.
             Slain by a water elemental (16 damage)
             ... in the Dungeon (Sprint III: "The Ten Rune Challenge").
             The game lasted 00:01:20 (128 turns).

sircluck the Ruffian (Troll Berserker)               Turns: 128, Time: 00:01:20

Health: -1/40      AC:  4    Str: 27    XL:     3   Next: 82%
Magic:  2/2        EV: 10    Int:  3    God:    Trog [***...]
Gold:   28         SH:  0    Dex:  9    Spells: 2/2 levels left

rFire   . .          .
                       - Unarmed
rCold   . . .        (no shield)
rNeg    . . .        a - +0 animal skin
rPois   .            (helmet restricted)
rElec   +            (no cloak)
rCorr   .            (gloves unavailable)
SInv    .            (boots unavailable)
Will    .....        (no amulet)
Stlth   +            (no ring)
HPRegen 1.06/turn    (no ring)
MPRegen 0.08/turn

%: no teleportation
@: no status effects
A: large, unfitting armour, claws 3, regeneration 1, shaggy fur 1, tough skin 1,
electricity resistance, sturdy frame 1
a: Renounce Religion, Berserk, Trog's Hand


You were in the Dungeon.
You worshipped Trog.
Trog was most pleased with you.
You visited 1 branch You collected 28 gold pieces.

Inventory:

Armour
 a - a +0 animal skin (worn)
Scrolls
 g - a scroll of blinking
 i - a scroll of poison {unknown}
 j - 3 scrolls of identify
 l - a scroll of immolation {unknown}
Potions
 b - a potion of curing
 c - a potion of heal wounds
 d - 2 potions of haste
 e - 2 potions of magic
 f - a potion of berserk rage
 k - 4 potions of enlightenment


   Skills:
 + Level 4.3 Fighting
 + Level 4.3 Dodging
 + Level 5.2 Unarmed Combat


You had 2 spell levels left.
You didn't know any spells.
Your spell library was empty.

Dungeon Overview and Level Annotations

Branches:
Dungeon (1/1)

Altars:


Innate Abilities, Weirdness & Mutations

You are too large for most types of armour.
You have claws for hands.
Your natural rate of healing is unusually fast.
You are covered in fur. (AC +1)
You have tough skin. (AC +1)
You are resistant to electric shocks. (rElec)
Your movements are slightly less encumbered by armour. (ER -2)


Message History

You feel extremely strange.
Your hooves expand and flesh out into feet!
You no longer feel cold resistant.
You feel more encumbered by your armour.
You feel insulated.
There is an open door here.
You open the door.
A water elemental comes into view.
The water elemental hits you!
There is an open door to the Ecumenical Temple, spattered with blood here.
You scratch the water elemental.
The water elemental is lightly damaged.
The water elemental hits you!
The water elemental engulfs you in water!
You are too injured to fight recklessly!
You are too injured to fight recklessly!
You are too injured to fight recklessly!
You are too injured to fight recklessly!
You are too injured to fight recklessly!
You are too injured to fight recklessly!
You are too injured to fight recklessly!
You are too injured to fight recklessly!
You slip free of the water engulfing you.
You gasp with relief as air once again reaches your lungs.
You scratch the water elemental.
The water elemental is moderately damaged.
The water elemental closely misses you.
You closely miss the water elemental.
The water elemental is moderately damaged.
The water elemental hits you.
* * * LOW HITPOINT WARNING * * *
The water elemental attacks as it pursues you!
The water elemental misses you.
You scratch the water elemental but do no damage.
The water elemental is moderately damaged.
The water elemental barely misses you.
You scratch the water elemental.
The water elemental is heavily damaged.
The water elemental hits you!
You die...

▓▓▓▓▓▓▓▓▓ ▓▓▓ ▓<..#)..####
##.# ▓...#......#####..#
▓..##.......#..#..#
▓##.##.##...#..#..###+#+##
##.##.###..##'#..#.......
▓#.####.##).###.@E'.⌠.....
▓.###..##.†####...#...####
▓#.....##..###....#.⌠.#
###..##...##.....#...#
##..##....#†.....#+###
#..###..##.#.....# #..#
#.. ####....# ▓▓▓▓ ▓▓▓
▓▓▓▓▓▓


You could see a water elemental.

Vanquished Creatures
  Jessica (D)
  A human (D)
  A wolf (D)
  An endoplasm (D)
  2 rats (D)
6 creatures vanquished.

Notes
Turn   | Place    | Note
-------+----------+-------------------------------------------
     0 | D        | sircluck the Troll Berserker began the quest for the Orb.
     0 | D        | Reached XP level 1. HP: 22/22 MP: 0/0
    27 | D        | Noticed Jessica
    34 | D        | Killed Jessica
    34 | D        | Reached ** piety under Trog
    35 | D        | Reached skill level 4 in Unarmed Combat
    35 | D        | Reached XP level 2. HP: 32/32 MP: 1/1
    37 | D        | Reached XP level 3. HP: 39/39 MP: 2/2
    54 | D        | HP: 1/58 [human (5)]
    55 | D        | Reached *** piety under Trog
    56 | D        | Reached skill level 5 in Unarmed Combat
   112 | D        | Gained mutation: You are agile. (Dex +4, Str/Int -1)
                  | [potion of mutation]
   113 | D        | Lost mutation: You are agile. (Dex +4, Str/Int -1) [potion
                  | of mutation]
   113 | D        | Gained mutation: Armour fits poorly on your strangely
                  | shaped body. [potion of mutation]
   113 | D        | Gained mutation: Your flesh is cold resistant. (rC+)
                  | [potion of mutation]
   113 | D        | Gained mutation: You have large cloven feet. [potion of
                  | mutation]
   113 | D        | Gained mutation: You have hoof-like feet. [potion of
                  | mutation]
   114 | D        | Lost mutation: Armour fits poorly on your strangely shaped
                  | body. [potion of mutation]
   114 | D        | Lost mutation: You have hoof-like feet. [potion of
                  | mutation]
   114 | D        | Gained mutation: Your movements are slightly less
                  | encumbered by armour. (ER -2) [potion of mutation]
   114 | D        | Gained mutation: Your movements are less encumbered by
                  | armour. (ER -4) [potion of mutation]
   115 | D        | Lost mutation: You have large cloven feet. [potion of
                  | mutation]
   115 | D        | Lost mutation: Your flesh is cold resistant. (rC+) [potion
                  | of mutation]
   115 | D        | Lost mutation: Your movements are less encumbered by
                  | armour. (ER -4) [potion of mutation]
   115 | D        | Gained mutation: You are resistant to electric shocks.
                  | (rElec) [potion of mutation]
   120 | D        | Noticed a water elemental
   128 | D        | Slain by a water elemental

Illustrated notes

Levels and vault maps discovered:
D:        dungeon_sprint_mu [sprint_mu_entry_cave, sprint_mu_temple_rooms,
          sprint_mu_d1_spiders, sprint_mu_d2_genie, sprint_mu_d3_branching,
          sprint_mu_orc_legion, sprint_mu_elf_gauntlet, sprint_mu_hive_nellie,
          sprint_mu_lair_fedhas, sprint_mu_vaults_butterflies,
          sprint_mu_slime_circle, sprint_mu_swamp_cave, sprint_mu_snake_twists,
          sprint_mu_blade_basic, sprint_mu_crypt_chambers,
          sprint_mu_tomb_spiral, sprint_mu_vestibule_basic,
          sprint_mu_gehenna_hellfire, sprint_mu_dis_giant,
          sprint_mu_tartarus_statrot, sprint_mu_cocytus_islands, sprint_mu_zot1]

Skill      XL: |  1  2  3 |
---------------+----------+-----
Fighting       | 3 4 |  4.3
Dodging        | 3 4 |  4.3
Unarmed Combat | 4 5 |  5.2

Action                     || total
---------------------------++-------
  Melee: Unarmed           ||    22
         Punch             ||     1
 Invoke: Berserk           ||     1
    Use: Potion            ||     4
   Stab: Sleeping          ||     1
 Armour: Animal skin       ||    19
  Dodge: Dodged            ||     9

Table legend: (Time is in decaauts)
 A = Elapsed time spent in this place.
 B = Non-inter-level travel time spent in this place.
 C = Inter-level travel time spent in this place.
 D = Time resting spent in this place.
 E = Time spent auto-exploring this place.
 F = Levels seen in this place.
 G = Mean time per level.
                   A        B        C        D        E       F      G
               +--------+--------+--------+--------+--------+-----+--------+
         Total |    135 |    135 |      0 |     47 |     28 |   1 |  135.0 |
       Dungeon |    135 |    135 |      0 |     47 |     28 |   1 |  135.0 |
               +--------+--------+--------+--------+--------+-----+--------+

Top non-repeatable levels by time:
       D: 135 daAuts
